 Dungeon Crawl Stone Soup version 0.28-a0-2-g643f2454ad (webtiles) character file.

Game seed: 2399164241966116491

66 siradein the Chiller (level 3, -1/24 HPs)
             Began as a Demonspawn Ice Elementalist on July 23, 2021.
             Slain by a gnoll (7 damage)
             ... on level 2 of the Dungeon.
             The game lasted 00:05:34 (1457 turns).

siradein the Chiller (Demonspawn Ice Elementalist)  Turns: 1457, Time: 00:05:35

Health: -1/24      AC:  2    Str:  8    XL:     3   Next: 96%
Magic:  5/7        EV: 12    Int: 17    God:
Gold:   116        SH:  0    Dex: 13    Spells: 4/8 levels left

rFire   . . .      SeeInvis .   (no weapon)
rCold   . . .      Faith    .   (no shield)
rNeg    . . .      Spirit   .   a - +0 robe
rPois   .          Reflect  .   (no helmet)
rElec   .          Harm     .   (no cloak)
rCorr   .          Rampage  .   (no gloves)
Will    .....                   (no boots)
Stlth   ++........              (no amulet)
HPRegen 0.08/turn               (no ring)
MPRegen 0.20/turn               (no ring)

@: freezing walls
A: magic regeneration
a: no special abilities


You were on level 2 of the Dungeon.
You visited 1 branch of the dungeon, and saw 2 of its levels.

You collected 116 gold pieces.

Inventory:

Armour
 a - a +0 robe (worn)
Scrolls
 b - a scroll of identify {unknown}
 c - a scroll of fog {unknown}
 d - a scroll of vulnerability {unknown}
Potions
 e - a potion of curing {unknown}


   Skills:
 - Level 1.7 Dodging
 - Level 1.7 Stealth
 + Level 3.1 Spellcasting
 + Level 4.4 Ice Magic


You had 4 spell levels left.
You knew the following spells:

 Your Spells              Type           Power      Damage    Failure   Level
a - Freeze                Ice            68%        1d8       2%          1
b - Frozen Ramparts       Ice            34%        1d5       9%          3

Your spell library contained the following spells:

 Spells                   Type           Power      Damage    Failure   Level
 Ozocubu's Armour         Ice            17%        N/A       9%          3
 Hailstorm                Conj/Ice       10%        3d5       56%         4


Dungeon Overview and Level Annotations

Branches:
Dungeon (2/15)

Altars:


Innate Abilities, Weirdness & Mutations

You regenerate magic rapidly.


Message History

You feel sick.
The wall freezes the gnoll.
The wall freezes the adder.
The adder seems to slow down.
The adder barely misses you.
You feel sick.
The wall freezes the gnoll.
The wall freezes the adder.
You kill the adder!
Your Spellcasting skill increases to level 3!
You feel sick.
The wall freezes the gnoll.
The wall freezes the hobgoblin.
The hobgoblin closely misses you.
You feel sick.
A gnoll comes into view. It is wielding a +0 spear.
The wall freezes the hobgoblin.
You kill the hobgoblin!
You feel sick.
You are no longer poisoned.
The gnoll shouts!
The wall freezes the gnoll.
You kill the gnoll!
The gnoll drinks a potion.
The gnoll flickers and vanishes!
Deactivating autopickup; reactivate with Ctrl-A.
The frozen ramparts melt away.
There is a strange disturbance nearby!
Casting: Frozen Ramparts (quite dangerous; 9% risk of failure)
Confirm with . or Enter, or press ? or * to list all spells.
You can't see any susceptible monsters within range! (Use Z to cast anyway.)
There is a strange disturbance nearby!
Casting: Frozen Ramparts (quite dangerous; 9% risk of failure)
Confirm with . or Enter, or press ? or * to list all spells.
You can't see any susceptible monsters within range! (Use Z to cast anyway.)
There is a strange disturbance nearby!
Casting: Frozen Ramparts (quite dangerous; 9% risk of failure)
Confirm with . or Enter, or press ? or * to list all spells.
The spell is quite dangerous to cast (9% risk of failure)!
Continue anyway?
Casting: Frozen Ramparts (quite dangerous; 9% risk of failure)
Press: ? - help, Dir - look around, f - activate The walls around you are covered in ice.
The wall freezes something.
Something hits you.
The wall freezes something.
Something hits you.
The wall freezes something.
Something hits you.
* * * LOW HITPOINT WARNING * * *
The wall freezes something.
Something hits you!
You die...

#.##.##.# #.
#)##.##.####### #.####
#.##.#.........
#.....####.##.#..#######
..........##.........#
..........##########>.
.###.#....########
#...........(..
###@##.########
.######.##.#
.....<.{...#
###........# #.###.####
.. #.# ## #.##
##>#.#######
#.###......#


There were no monsters in sight!

Vanquished Creatures
  2 gnolls (D:2)
  An adder (D:2)
  A dart slug (D:1)
  A worm (D:2)
  2 ball pythons (D:1)
  4 endoplasms (D:1)
  2 goblins
  7 hobgoblins
  2 jackals (D:2)
  A kobold (D:1)
  2 quokkas (D:1)
  A bat (D:1)
  3 frilled lizards (D:1)
  A rat (D:1)
30 creatures vanquished.

Notes
Turn   | Place    | Note
-------+----------+-------------------------------------------
     0 | D:1      | siradein the Demonspawn Ice Elementalist began the quest
                  | for the Orb.
     0 | D:1      | Reached XP level 1. HP: 13/13 MP: 3/3
   269 | D:1      | Gained mutation: You regenerate magic rapidly. [demonic
                  | ancestry]
   269 | D:1      | Reached XP level 2. HP: 19/19 MP: 1/5
   469 | D:1      | Found a faded altar of an unknown god.
   753 | D:1      | Reached skill level 4 in Ice Magic
  1234 | D:2      | Reached XP level 3. HP: 24/24 MP: 5/7
  1397 | D:2      | Learned a level 3 spell: Frozen Ramparts
  1457 | D:2      | Slain by a gnoll

Illustrated notes

Levels and vault maps discovered:
D:1:      heliophobic_arrival_dark_side_of_the_moon, layout_loops_ring,
          ebering_ecumenical_altar_ruins, grunt_decor_cap, minmay_pentomino_x2
D:2:      layout_loops_ring

Skill      XL: |  1  2  3 |
---------------+----------+-----
Ice Magic      | 4 |  4.4
Spellcasting   | 3 |  3.1
Dodging        | |  1.7
Stealth        | |  1.7

Action                   || total
-------------------------++-------
Melee: Unarmed           ||     6
 Cast: Freeze            ||    52
       Frozen Ramparts   ||     3
Armor: Robe              ||     8
Dodge: Dodged            ||    39

Table legend: (Time is in decaauts)
 A = Elapsed time spent in this place.
 B = Non-inter-level travel time spent in this place.
 C = Inter-level travel time spent in this place.
 D = Time resting spent in this place.
 E = Time spent auto-exploring this place.
 F = Levels seen in this place.
 G = Mean time per level.
                   A        B        C        D        E       F      G
               +--------+--------+--------+--------+--------+-----+--------+
         Total |   1456 |   1445 |     11 |     16 |   1129 |   2 |  728.0 |
       Dungeon |   1456 |   1445 |     11 |     16 |   1129 |   2 |  728.0 |
               +--------+--------+--------+--------+--------+-----+--------+

Top non-repeatable levels by time:
     D:1: 1220 daAuts
     D:2: 236 daAuts
